 Dungeon Crawl Stone Soup version 0.27-a0-1557-g57f10a385c (webtiles) character file.

Game seed: 18058179244581637927

382 DocClef the Covert (level 6, -4/53 HPs)
             Began as a Gnoll Delver on July 15, 2021.
             Succumbed to a water moccasin's poison
             ... on level 5 of the Dungeon.
             The game lasted 00:03:32 (4212 turns).

DocClef the Covert (Gnoll Delver)                   Turns: 4212, Time: 00:03:33

Health: -4/53      AC: 22    Str: 14    XL:     6   Next: 76%
Magic:  9/9        EV:  0    Int:  9    God:
Gold:   249        SH:  0    Dex: 13    Spells: 9/9 levels left

rFire    + . .     SeeInvis .   h - +1 rapier (protect)
rCold    + . .     Faith    .   (no shield)
rNeg     . . .     Spirit   .   s - +0 crystal plate armour
rPois    .         Reflect  .   (no helmet)
rElec    .         Harm     .   (no cloak)
rCorr    .         Rampage  .   (no gloves)
Will     .....                  (no boots)
Stlth    ..........             (no amulet)
HPRegen  0.17/turn              n - ring of protection from cold
MPRegen  0.11/turn              t - ring of protection from fire

@: lethally poisoned (-4 -> -32), under a protective aura
A: fangs 1, strong nose, distributed training
a: no special abilities


You were on level 5 of the Dungeon.
You visited 1 branch of the dungeon, and saw 5 of its levels.

You collected 249 gold pieces.

Inventory:

Hand Weapons
 a - a +0 short sword
 h - a +1 rapier of protection (weapon)
Missiles
 o - 14 poisoned darts (quivered)
Armour
 b - a +0 leather armour
 s - a +0 crystal plate armour (worn)
Jewellery
 n - a ring of protection from cold (left hand)
 t - a ring of protection from fire (right hand)
Wands
 g - a wand of digging (3)
 j - a wand of iceblast (7)
Scrolls
 c - a scroll of fog
 d - 2 scrolls of magic mapping
 e - a scroll of fear
 p - 2 scrolls of identify {unknown}
 q - 2 scrolls of enchant armour {unknown}
 r - a scroll of brand weapon {unknown}
Potions
 f - a potion of haste
 i - a potion of heal wounds {unknown}
 k - 2 potions of lignification {unknown}
 l - a potion of invisibility {unknown}
 m - 3 potions of curing {unknown}
 u - a potion of might {unknown}


   Skills:
 + Level 6.9 Fighting
 + Level 5.0 Short Blades
 + Level 2.1 Long Blades
 + Level 2.1 Axes
 + Level 2.1 Maces & Flails
 + Level 2.1 Polearms
 + Level 2.1 Staves
 + Level 2.1 Slings
 + Level 2.1 Bows
 + Level 2.1 Crossbows
 + Level 2.1 Throwing
 + Level 2.1 Armour
 + Level 5.0 Dodging
 + Level 9.8 Stealth
 + Level 2.1 Shields
 + Level 2.1 Unarmed Combat
 + Level 2.1 Spellcasting
 + Level 1.6 Conjurations
 + Level 1.6 Hexes
 + Level 1.6 Summonings
 + Level 1.6 Necromancy
 + Level 1.6 Translocations
 + Level 1.6 Transmutations
 + Level 1.6 Fire Magic
 + Level 1.6 Ice Magic
 + Level 1.6 Air Magic
 + Level 1.6 Earth Magic
 + Level 1.6 Poison Magic
 + Level 2.3 Invocations
 + Level 2.1 Evocations


You had 9 spell levels left.
You didn't know any spells.
Your spell library contained the following spells:

 Spells                   Type           Power      Damage    Failure   Level
 Freezing Cloud           Conj/Ice/Air   1%         6-21      100%        5
 Simulacrum               Ice/Necr       1%         N/A       100%        6
 Polar Vortex             Ice            1%         N/A       100%        9


Dungeon Overview and Level Annotations

Branches:
Dungeon (5/15)
 Temple: D:4-7

Altars:

Shops:
D:3 *


Innate Abilities, Weirdness & Mutations

You have very sharp teeth.
Your uncanny sense of smell can sniff out nearby items.
Your experience applies equally to all skills.


Message History

You are too injured to fight recklessly!
You are too injured to fight recklessly!
You are too injured to fight recklessly!
You are too injured to fight recklessly!
You are too injured to fight recklessly!
You are too injured to fight recklessly!
You are too injured to fight recklessly!
You are too injured to fight recklessly!
You are too injured to fight recklessly!
You are too injured to fight recklessly!
You hit the water moccasin but do no damage.
You bite the water moccasin.
The water moccasin is severely wounded.
* * * LOW HITPOINT WARNING * * *
You feel very sick.
The water moccasin bites you but does no damage.
Your crystal plate armour prevents you from hitting the water moccasin.
The water moccasin is severely wounded.
* * * LOW HITPOINT WARNING * * *
You feel very sick.
The water moccasin bites you but does no damage.
Unknown command.
You hit the water moccasin.
The water moccasin is severely wounded.
* * * LOW HITPOINT WARNING * * *
You feel very sick.
The water moccasin bites you but does no damage.
You hit the water moccasin.
The water moccasin is almost dead.
* * * LOW HITPOINT WARNING * * *
You feel very sick. The water moccasin bites you.
* * * LOW HITPOINT WARNING * * *
You are more poisoned.
The water moccasin poisons you!
The water moccasin bites you but does no damage.
Unknown command.
Your crystal plate armour prevents you from hitting the water moccasin.
The water moccasin is almost dead.
You die...

################
#........@S....#
#
.####..######.#
## #..# .##
####..######..
#.#
#.............
.## #
#.##..######..
## #.#.##..# #
#.#.##.<######
####
#............>


You could see a water moccasin.

Vanquished Creatures
  An ogre (D:3)
  A scorpion (D:4)
  2 hounds (D:4)
  An orc priest (D:4)
  A hound skeleton (D:4)
  2 adders (D:2)
  3 gnolls
  3 dart slugs
  A worm (D:2)
  3 orcs (D:4)
  6 endoplasms
  3 giant cockroaches (D:1)
  16 goblins
  A hobgoblin (D:3)
  9 jackals
  A quokka (D:1)
  5 ball pythons
  6 bats
  5 frilled lizards (D:1)
  5 kobolds
  4 rats
79 creatures vanquished.

Notes
Turn   | Place    | Note
-------+----------+-------------------------------------------
     0 | D:5      | Reached skill level 9 in Stealth
     0 | D:5      | DocClef the Gnoll Delver began the quest for the Orb.
     0 | D:5      | Reached XP level 1. HP: 23/23 MP: 1/1
   191 | D:4      | Reached XP level 2. HP: 13/29 MP: 2/2
   445 | D:4      | Noticed a scorpion
   452 | D:4      | Killed a scorpion
   453 | D:4      | Reached skill level 1 in Long Blades
   453 | D:4      | Reached skill level 1 in Axes
   453 | D:4      | Reached skill level 1 in Maces & Flails
   453 | D:4      | Reached skill level 1 in Polearms
   453 | D:4      | Reached skill level 1 in Staves
   453 | D:4      | Reached skill level 1 in Slings
   453 | D:4      | Reached skill level 1 in Bows
   453 | D:4      | Reached skill level 1 in Crossbows
   453 | D:4      | Reached skill level 1 in Throwing
   453 | D:4      | Reached skill level 1 in Armour
   453 | D:4      | Reached skill level 1 in Shields
   453 | D:4      | Reached skill level 1 in Unarmed Combat
   453 | D:4      | Reached skill level 1 in Spellcasting
   453 | D:4      | Reached skill level 1 in Invocations
   453 | D:4      | Reached skill level 1 in Evocations
   453 | D:4      | Reached XP level 3. HP: 35/35 MP: 2/4
   453 | D:4      | Reached XP level 4. HP: 41/41 MP: 2/5
   669 | D:4      | Reached skill level 1 in Conjurations
   669 | D:4      | Reached skill level 1 in Hexes
   669 | D:4      | Reached skill level 1 in Summonings
   669 | D:4      | Reached skill level 1 in Necromancy
   669 | D:4      | Reached skill level 1 in Translocations
   669 | D:4      | Reached skill level 1 in Transmutations
   669 | D:4      | Reached skill level 1 in Fire Magic
   669 | D:4      | Reached skill level 1 in Ice Magic
   669 | D:4      | Reached skill level 1 in Air Magic
   669 | D:4      | Reached skill level 1 in Earth Magic
   669 | D:4      | Reached skill level 1 in Poison Magic
   741 | D:4      | Reached XP level 5. HP: 47/47 MP: 5/7
  1523 | D:3      | Found Fonaople's Assorted Antiques.
  1870 | D:3      | Noticed an ogre
  1894 | D:3      | Killed an ogre
  1895 | D:3      | Reached skill level 5 in Short Blades
  1895 | D:3      | Reached skill level 5 in Dodging
  1895 | D:3      | Reached XP level 6. HP: 30/53 MP: 8/8
  3505 | D:1      | Found a faded altar of an unknown god.
  4199 | D:5      | Noticed a water moccasin
  4211 | D:5      | HP: 1/53 [water moccasin (2)]
  4212 | D:5      | Succumbed to a water moccasin's poison

Illustrated notes

Levels and vault maps discovered:
D:1:      dpeg_arrival_tiny_i, layout_loops_ring,
          chequers_ecumenical_altar_twisty
D:2:      layout_rooms, minmay_misc_feat_encased
D:3:      layout_basic, serial_shops, shop, chequers_serial_rivers_marsh,
          minmay_ogre_servants
D:4:      layout_cave_pods, roderic_lattice_a
D:5:      layout_loops_corners, serial_glass, glass_columns_b, glass_columns_b,
          glass_columns_b, glass_columns_c, glass_columns_c, glass_columns_c,
          serial_shops, nicolae_diamond_shop, minmay_misc_feat_x, uniq_edmund

Skill      XL: |  1  2  3  4  5  6 |
---------------+-------------------+-----
Stealth        | |  9.8
Long Blades    | 1 2 |  2.1
Axes           | 1 2 |  2.1
Maces & Flails | 1 2 |  2.1
Polearms       | 1 2 |  2.1
Staves         | 1 2 |  2.1
Slings         | 1 2 |  2.1
Bows           | 1 2 |  2.1
Crossbows      | 1 2 |  2.1
Throwing       | 1 2 |  2.1
Armour         | 1 2 |  2.1
Shields        | 1 2 |  2.1
Unarmed Combat | 1 2 |  2.1
Spellcasting   | 1 2 |  2.1
Invocations    | 1 2 |  2.3
Evocations     | 1 2 |  2.1
Conjurations   | 1 |  1.6
Hexes          | 1 |  1.6
Summonings     | 1 |  1.6
Necromancy     | 1 |  1.6
Translocations | 1 |  1.6
Transmutations | 1 |  1.6
Fire Magic     | 1 |  1.6
Ice Magic      | 1 |  1.6
Air Magic      | 1 |  1.6
Earth Magic    | 1 |  1.6
Poison Magic   | 1 |  1.6
Short Blades   | 5 |  5.0
Dodging        | 5 |  5.0
Fighting       | |  6.9

Action                   |  1- 3 |  4- 6 || total
-------------------------+-------+-------++-------
Melee: Rapier            |    10 |   195 ||   205
       Short sword       |     1 |       ||     1
       Bite              |       |    19 ||    19
 Stab: Sleeping          |     4 |    14 ||    18
Armor: Leather armour    |     2 |    31 ||    33
       Crystal plate arm |       |   109 ||   109
Dodge: Dodged            |     4 |    65 ||    69

Table legend: (Time is in decaauts)
 A = Elapsed time spent in this place.
 B = Non-inter-level travel time spent in this place.
 C = Inter-level travel time spent in this place.
 D = Time resting spent in this place.
 E = Time spent auto-exploring this place.
 F = Levels seen in this place.
 G = Mean time per level.
                   A        B        C        D        E       F      G
               +--------+--------+--------+--------+--------+-----+--------+
         Total |   4209 |   3999 |    210 |    174 |   3301 |   5 |  841.8 |
       Dungeon |   4209 |   3999 |    210 |    174 |   3301 |   5 |  841.8 |
               +--------+--------+--------+--------+--------+-----+--------+

Top non-repeatable levels by time:
     D:4: 1335 daAuts
     D:3: 1237 daAuts
     D:1: 702 daAuts
     D:2: 612 daAuts
     D:5: 321 daAuts
